 Dungeon Crawl Stone Soup version 0.19.1 (webtiles) character file.

137 Host24 the Magician (level 5, -1/30 HPs)
             Began as a Kobold Necromancer on Dec 23, 2016.
             Slain by an orc priest
             ... wielding a +2 dagger of electrocution
              (4 damage)
             ... on level 3 of the Dungeon.
             The game lasted 00:09:53 (4167 turns).

Host24 the Magician (Kobold Necromancer)            Turns: 4167, Time: 00:09:54

Health: -1/30      AC:  5    Str:  6    XL:     5   Next: 44%
Magic:  0/11       EV: 16    Int: 17    God:
Gold:   137        SH:  0    Dex: 15    Spells: 2 memorised, 11 levels left

rFire  . . .     SeeInvis .     s - +0 short sword
rCold  . . .     Gourm    .     a - +0 robe
rNeg   . . .     Faith    .     (shield restricted)
rPois  .         Spirit   .     (no helmet)
rElec  .         Reflect  .     x - +2 cloak
rCorr  .         Harm     .     (no gloves)
MR     .....                    (no boots)
Stlth  ++........               (no amulet)
                                (no ring)
                                (no ring)

@: no status effects
A: carnivore 3
a: no special abilities


You were on level 3 of the Dungeon.
You were completely stuffed.

You visited 1 branch of the dungeon, and saw 3 of its levels.

You collected 137 gold pieces.

Inventory:

Hand Weapons
 e - a +0 dagger
 i - a +0 short sword
 s - a +0 short sword (weapon)
 u - a cursed -3 hunting sling
Missiles
 h - 68 stones (quivered)
 m - 10 sling bullets
 r - 12 poisoned needles
 v - 11 bolts
Armour
 a - a +0 robe (worn)
 g - a +0 chain mail
 j - a +2 buckler
 n - a +0 leather armour
 x - a +2 cloak (worn)
Scrolls
 d - a scroll of blinking {unknown}
 k - a scroll of amnesia {unknown}
 l - 3 scrolls of remove curse {unknown}
 p - 3 scrolls of identify {unknown}
 t - a scroll of recharging {unknown}
Potions
 f - a potion of heal wounds {unknown}
 o - a potion of mutation {unknown}
 q - 3 potions of agility {unknown}
 w - 2 potions of cancellation {unknown}
Books
 b - a book of Necromancy

   Spells                             Type                      Level
   a - Pain                           Necromancy                   1
   b - Animate Skeleton               Necromancy                   1
   c - Vampiric Draining              Necromancy                   3
   d - Regeneration                   Charms/Necromancy            3
   e - Animate Dead                   Necromancy                   4
   f - Control Undead                 Necromancy                   4
Comestibles
 c - 6 meat rations
 z - a chunk of flesh


   Skills:
 + Level 1.6 Fighting
 - Level 1.0 Short Blades
 - Level 3.0 Dodging
 - Level 2.6 Stealth
 - Level 4.5 Spellcasting
 - Level 4.0 Necromancy


You had 11 spell levels left.
You knew the following spells:

 Your Spells              Type           Power        Failure   Level  Hunger
a - Pain                  Necr           ###.         2%          1    None
b - Animate Skeleton      Necr           N/A          2%          1    None


Dungeon Overview and Level Annotations

Branches:
Dungeon (3/15)

Altars:
Okawaru
Qazlal


Innate Abilities, Weirdness & Mutations

You are small and have problems with some larger weapons.
You are carnivorous and can eat meat at any time.


Message History

The orc priest writhes in agony!
The orc priest misses you.
Casting: Pain
Confirm with . or Enter, or press ? or * to list all spells.
Aiming: Pain
Press: ? - help, Shift-Dir - straight line, f/p - orc priest
Aim: an orc priest, wielding a dagger of electrocution and wearing a leather armour (severely wounded, chance to defeat MR: 76%)
The orc priest barely resists.
The orc priest invokes the aid of Beogh against you.
Beogh smites you!
* * * LOW HITPOINT WARNING * * *
Casting: Pain
Confirm with . or Enter, or press ? or * to list all spells.
Aiming: Pain
Press: ? - help, Shift-Dir - straight line, f/p - orc priest
Aim: an orc priest, wielding a dagger of electrocution and wearing a leather armour (severely wounded, chance to defeat MR: 76%)
The orc priest writhes in agony!
The orc priest completely misses you.
You hit the orc priest but do no damage.
The orc priest is severely wounded.
The orc priest hits you with a dagger of electrocution.
You die...

.......# #....####
.......#### #...[# ..
###.......# #....# ...
###.....#.###....##########.#
............................#
##......#.###....###........#
.#......#.# #....# #.#......#
.#.####.#.# #....###.#ZZ....#
<#.. ..#.# #...@....#......#
#### ###.# #####o####......#
.... ..# #.####......# ####
..# ###.#.........#
#.....).)...##..#.#
#...).......##..#.#
#............#....#
#............#.#..##
..o..........#.#...#


You could see an orc priest.

Vanquished Creatures
  3 adders
  2 worms (D:3)
  4 dart slugs
  2 leopard geckos
  5 orcs (D:3)
  3 giant cockroaches
  9 goblins
  8 hobgoblins
  3 jackals (D:2)
  11 kobolds
  3 quokkas
  A ball python (D:1)
  5 bats
  6 frilled lizards
  10 rats
  A bush (D:2)
76 creatures vanquished.

Vanquished Creatures (collateral kills)
  An ooze (D:2)
  2 worms (D:2)
  A leopard gecko (D:3)
  An orc (D:3)
  A hobgoblin (D:1)
  A bat (D:2)
  A frilled lizard (D:3)
8 creatures vanquished.

Grand Total: 84 creatures vanquished

Notes
Turn   | Place    | Note
-------+----------+-------------------------------------------
     0 | D:1      | Host24 the Kobold Necromancer began the quest for the Orb.
     0 | D:1      | Reached XP level 1. HP: 10/10 MP: 3/3
     2 | D:1      | Learned a level 1 spell: Animate Skeleton
   222 | D:1      | Reached XP level 2. HP: 5/15 MP: 3/5
  1009 | D:1      | Reached XP level 3. HP: 17/19 MP: 3/7
  1729 | D:2      | Reached XP level 4. HP: 18/24 MP: 7/10
  1929 | D:2      | Found an iron altar of Okawaru.
  1944 | D:2      | Reached skill level 1 in Fighting
  2603 | D:2      | Found a stormy altar of Qazlal.
  3515 | D:3      | Reached XP level 5. HP: 16/29 MP: 5/11
  4029 | D:3      | Reached skill level 1 in Short Blades
  4167 | D:3      | Slain by an orc priest

Skill      XL: |  1  2  3  4  5 |
---------------+----------------+-----
Spellcasting   | 3 4 |  4.5
Fighting       | 1 |  1.6
Dodging        | 3 |  3.0
Short Blades   | 1 |  1.0
Stealth        | |  2.6
Necromancy     | |  4.0

Action                   |  1- 3 |  4- 6 || total
-------------------------+-------+-------++-------
Melee: Unarmed           |    19 |     3 ||    22
       Short sword       |       |   313 ||   313
 Cast: Pain              |    66 |   116 ||   182
       Animate Skeleton  |    18 |    14 ||    32
  Eat: Chunk             |    11 |     8 ||    19
Armor: Robe              |     1 |     6 ||     7
Dodge: Dodged            |    16 |    47 ||    63
